 Dungeon Crawl Stone Soup version 0.19-a0-1889-g9c603be (webtiles) character file.

28 Dunking the Slasher (level 3, -5/21 HPs)
             Began as a Tengu Warper on Oct 17, 2016.
             Slain by a gnoll
             ... wielding a +0 flail
              (11 damage)
             ... on level 1 of the Dungeon.
             The game lasted 00:01:37 (1041 turns).

Dunking the Slasher (Tengu Warper)                  Turns: 1041, Time: 00:01:37

Health: -5/21      AC:  3    Str: 11    XL:     3   Next: 12%
Magic:  6/8        EV: 12    Int: 14    God:
Gold:   20         SH:  0    Dex: 13    Spells: 2 memorised, 2 levels left

rFire  . . .     SeeInvis .     a - +0 falchion
rCold  . . .     Gourm    .     b - +0 leather armour
rNeg   . . .     Faith    .     (no shield)
rPois  .         Spirit   .     (helmet restricted)
rElec  .         Reflect  .     (no cloak)
rCorr  .         Harm     .     (no gloves)
MR     .....                    (boots unavailable)
Stlth  +.........               (no amulet)
                                (no ring)
                                (no ring)

@: no status effects
A: beak, talons 3
a: no special abilities


You were on level 1 of the Dungeon.
You were hungry.

You visited 1 branch of the dungeon, and saw 1 of its levels.

You collected 20 gold pieces.

Inventory:

Hand Weapons
 a - a +0 falchion (weapon)
Missiles
 e - 5 tomahawks of dispersal (quivered)
Armour
 b - a +0 leather armour (worn)
Scrolls
 d - 2 scrolls of blinking
 h - a scroll of amnesia {unknown}
 i - a scroll of identify {unknown}
 k - a scroll of remove curse {unknown}
 n - a scroll of recharging {unknown}
 o - a scroll of enchant armour {unknown}
Potions
 g - a potion of lignification {unknown}
 j - a potion of cure mutation {unknown}
 l - a potion of degeneration {unknown}
 m - a potion of mutation {unknown}
Books
 c - a book of Spatial Translocations

   Spells                             Type                      Level
   a - Blink                          Translocation                2
   b - Shroud of Golubria             Charms/Translocation         2
   c - Lesser Beckoning               Translocation                3
   d - Portal Projectile              Translocation                3
   e - Teleport Other                 Translocation                3
   f - Passage of Golubria            Translocation                4
Comestibles
 f - a bread ration


   Skills:
 - Level 2.0 Fighting
 + Level 2.7 Long Blades
 - Level 1.0 Throwing
 - Level 1.1 Armour
 + Level 2.6 Dodging
 * Level 2.6 Spellcasting
 - Level 2.4 Translocations


You had 2 spell levels left.
You knew the following spells:

 Your Spells              Type           Power        Failure   Level  Hunger
a - Lesser Beckoning      Tloc           #.........   34%         3    ###....
z - Blink                 Tloc           N/A          17%         2    ###....


Dungeon Overview and Level Annotations

Branches:
Dungeon (1/15)

Altars:


Innate Abilities, Weirdness & Mutations

You have a beak for a mouth.
You have claws for feet.


Message History

You closely miss the gnoll.
The gnoll is moderately wounded.
The gnoll hits you with a flail!
You hit the gnoll but do no damage.
The gnoll is moderately wounded.
The gnoll hits you with a flail.
* * * LOW HITPOINT WARNING * * *
You hit the gnoll. You claw the gnoll.
The gnoll is heavily wounded.
The gnoll closely misses you.
You barely miss the gnoll. You claw the gnoll, but do no damage.
The gnoll is heavily wounded.
The gnoll closely misses you.
You riposte.
You barely miss the gnoll. Your peck misses the gnoll.
The gnoll is heavily wounded.
You hit the gnoll. You peck the gnoll.
The gnoll is almost dead.
The gnoll hits you with a flail!
Ouch! That really hurt!
You die...

.)...#........##..###.### ##
............#.##.## #.#
.................####.#### #####
.........................# #...#
..........>..............# #>..#
.........................## #...#
..........))..............###...#
...............g.................
.........)......@.........##.....
.....#........###.###############
.#####..##......#.# ..........
..................# ##.####.##
####..#.#######...# #÷..#
........# #....# #.⌠.# ......####
###.#..# #...#
.........###......# ##.##
.......#.....#....# ####.##


You could see a gnoll.

Vanquished Creatures
  3 dart slugs (D:1)
  A giant cockroach (D:1)
  2 goblins (D:1)
  4 hobgoblins (D:1)
  A kobold (D:1)
  2 bats (D:1)
  4 frilled lizards (D:1)
  5 rats (D:1)
22 creatures vanquished.

Notes
Turn   | Place    | Note
-------+----------+-------------------------------------------
     0 | D:1      | Dunking the Tengu Warper began the quest for the Orb.
     0 | D:1      | Reached XP level 1. HP: 12/12 MP: 4/4
   186 | D:1      | Reached XP level 2. HP: 6/17 MP: 6/6
   355 | D:1      | Learned a level 2 spell: Blink
   613 | D:1      | Reached XP level 3. HP: 21/21 MP: 7/7
  1034 | D:1      | Learned a level 3 spell: Lesser Beckoning
  1041 | D:1      | Slain by a gnoll

Vault maps used:
D:1:      dpeg_arrival_chambers_temple_mockup

Action                   || total
-------------------------++-------
Melee: Falchion          ||    55
       Kick              ||    19
       Peck              ||     7
 Cast: Lesser Beckoning  ||     1
Armor: Leather armour    ||    20
Dodge: Dodged            ||    55
       Rpst.: Falchion   ||    16
